 Dungeon Crawl Stone Soup version 5.4-101-gcf516dc (webtiles) character file.

1 suicidejoker the Sneak (level 6, -3/42 HPs) *CASUAL*
             Began as an Octopode Monk on Mar 18, 2018.
             Slain by a hobgoblin
             ... wielding a +0 dagger
              (5 damage)
             ... on level 3 of the Dungeon.
             The game lasted 00:03:01 (295 turns).

suicidejoker the Sneak (Octopode Monk)               Turns: 295, Time: 00:03:03

Health: -3/42      AC:  1 (0%)Str: 13   XL:     6   Next: 10%
Magic:  6/9        EV: 15    Int: 17    God:
Gold:   37         SH:  0    Dex: 14    Spells: 5/5 levels left

rFire    . . .     SeeInvis .   a - +0 rapier
rCold    . . .     Faith    .   (no shield)
rNeg     + . .     Spirit   .   (helmet restricted)
rPois    .         Reflect  .   b - amulet of regeneration
rElec    .                      (no ring)
rCorr    .                      (no ring)
MR       .....                  (no ring)
Stlth    ++++++....             (no ring)
Regen    0.6/turn               (no ring)
MPRegen  0.4/turn               (no ring)
                                (no ring)
                                (no ring)

@: no status effects
A: almost no armour, stealthy swim, amphibious, 8 rings, constrict 8,
camouflage, clever, negative energy resistance 1, gelatinous body 1
a: no special abilities


You were on level 3 of the Dungeon.
You were not hungry.

You visited 1 branch of the dungeon, and saw 3 of its levels.

You collected 37 gold pieces.

Inventory:

Hand Weapons
 a - a +0 rapier (weapon)
 d - a +0 hand axe of chopping
Missiles
 f - 220 stones (quivered)
Jewellery
 b - an amulet of regeneration (around mantle)
Wands
 e - a wand of disintegration (3)


   Skills:
 + Level 3.6 Fighting
 - Level 3.0 Blades
 + Level 3.6 Dodging
 * Level 4.9 Stealth
 * Level 2.6 Unarmed Combat
 * Level 4.3 Invocations


You had 5 spell levels left.
You didn't know any spells.

Dungeon Overview and Level Annotations

Branches:
Dungeon (3/15)

Altars:
Trog


Innate Abilities, Weirdness & Mutations

You cannot wear most types of armour.
You are very stealthy in the water.
You are amphibious.
You can wear up to eight rings at the same time.
You can use your tentacles to constrict eight enemies at once.
Your skin blends seamlessly with your surroundings (Stealth+++).
Your rubbery body absorbs attacks. (AC +1, EV +1)
Your mind is acute. (Int +5)
You resist negative energy. (rN+)


Message History

You have reached level 5!
You feel stronger.
You have reached level 6!
Your experience leads to an increase in your attributes!
Your base attributes are Str 12, Int 12, Dex 14.
Increase (S)trength, (I)ntelligence, or (D)exterity?
You feel stronger.
This wand has 4 charges left.
The hobgoblin misses you.
Evoke which item? (* to show all) (? for menu, Esc to quit)
Aiming: Disintegrate
Press: ? - help, Shift-Dir - straight line, f - jackal
Aim: a jackal (chance to defeat MR: 80%)
The jackal is blasted (20).
You blow up the jackal!
This wand has 3 charges left.
The jackal closely misses you. The jackal bites you (3).
* * * LOW HITPOINT WARNING * * *
The jackal barely misses you.
The hobgoblin hits you with a +0 dagger (5).
You die...

#......... #.........#.
... ..#####.....#.....
... ......'..........
.... #.#.###..........
.....
#.............#.###...##
##.#####.##.............
.#..####.##...........#.
.......%.##.....@h......
....###........#gh...#..
...............#h.......
.....##...#....##...##..
..........#....# .#... .
.#+#.##..##....# ......
.# #.##..##....#######..
#.#..#..............+..
.#.#..##.##..#########


You could see 3 jackals and a hobgoblin.

Vanquished Creatures
  A centaur (D:3)
  A worker ant (D:3)
  An adder (D:2)
  2 hobgoblins
  A jackal (D:3)
  3 bats
  2 kobolds
  A rat (D:1)
12 creatures vanquished.

Notes
Turn   | Place    | Note
-------+----------+-------------------------------------------
     0 | D:1      | suicidejoker the Octopode Monk began the quest for the Orb.
     0 | D:1      | Reached XP level 1. HP: 16/16 MP: 3/3
    99 | D:1      | Gained mutation: Your mind is acute. (Int +5) [mutagenic hatch]
   100 | D:2      | Found a bloodstained altar of Trog.
   104 | D:2      | Found a faded altar of an unknown god.
   115 | D:2      | Reached XP level 2. HP: 20/21 MP: 4/4
   149 | D:2      | Reached XP level 3. HP: 26/26 MP: 5/5
   159 | D:2      | Gained mutation: You resist negative energy. (rN+) [mutagenic hatch]
   183 | D:3      | HP: 1/26 [poisoned by a worker ant]
   185 | D:3      | Reached skill level 1 in Unarmed Combat
   185 | D:3      | Reached XP level 4. HP: 1/31 MP: 6/6
   285 | D:3      | Noticed a centaur
   294 | D:3      | Killed a centaur
   294 | D:3      | Reached XP level 5. HP: 3/36 MP: 6/8
   294 | D:3      | Reached XP level 6. HP: 4/42 MP: 6/9
   295 | D:3      | HP: 2/42 [jackal (3)]
   295 | D:3      | Slain by a hobgoblin

Skill      XL: |  1  2  3  4 |
---------------+-------------+-----
Stealth        | 3 4 |  4.9
Unarmed Combat | 1 2 |  2.6
Invocations    | 4 |  4.3
Fighting       | |  3.6
Blades         | |  3.0
Dodging        | |  3.6

Action                   |  1- 3 |  4- 6 || total
-------------------------+-------+-------++-------
Melee: Rapier            |    15 |     6 ||    21
       Constrict         |     3 |       ||     3
       Tentacles         |     2 |       ||     2
Evoke: Wand              |       |     4 ||     4
  Use: Potion            |     1 |       ||     1
 Stab: Sleeping          |     5 |     2 ||     7
Armor: Skin              |     2 |       ||     2
Dodge: Dodged            |     5 |    13 ||    18
